[Event "Swedish Chess Championship 2021: Sverigemastarklassen"]
[Site "Scandic Helsingborg Nord, Florettgatan 41, Helsingborg, Sweden"]
[Date "2021.07.03"]
[Round "1.1"]
[White "Wiedenkeller, Michael"]
[Black "Blomqvist, Erik"]
[Result "1/2-1/2"]
[TimeControl "90 minutes for 40 moves + 30 minutes for the rest of the game + 30 seconds per move from move one."]
[WhiteTitle "IM"]
[BlackTitle "GM"]
[WhiteFideId "1700146"]
[BlackFideId "1709437"]
[WhiteElo "2445"]
[BlackElo "2535"]

1. d4 Nf6 2. c4 e6 3. Nc3 Bb4 4. Qc2 O-O 5. Nf3 c5 6. dxc5 Na6 7. g3 Nxc5 8. Bg2 b6 9. O-O Bb7 10.
Nb5 Be4 11. Qd1 Nb7 12. a3 Be7 13. Bf4 Rc8 14. Rc1 a6 15. Nc3 Bc6 16. b4 a5 17. Qb3 axb4 18. axb4 Nd6 19. Nd2 Bxg2 20.
Kxg2 Qc7 21. Kg1 Qc6 22. b5 Qb7 23. Rfd1 Ra8 24. Ra1 Rfc8 25. Ra4 Rxa4 26. Nxa4 Nde4 27. Nxe4 Nxe4 28. Be3 Bc5 29.
Nxc5 Nxc5 30. Bxc5 Rxc5 31. Qd3 d5 32. e4 Qd7 33. exd5 exd5 34. cxd5 Rxb5 35. d6 Rc5 36. Qe3 Kf8 37.
Ra1 f5 38. Ra8+ Kf7 39. Qb3+ Kg6 40. Qxb6 Rc6 41. Qe3 Rxd6 42. h4 h6 43. Kh2 1/2-1/2

[Event "Swedish Chess Championship 2021: Sverigemastarklassen"]
[Site "Scandic Helsingborg Nord, Florettgatan 41, Helsingborg, Sweden"]
[Date "2021.07.03"]
[Round "1.2"]
[White "Westerberg, Jonathan"]
[Black "Hector, Jonny"]
[Result "1-0"]
[TimeControl "90 minutes for 40 moves + 30 minutes for the rest of the game + 30 seconds per move from move one."]
[WhiteTitle "GM"]
[BlackTitle "GM"]
[WhiteFideId "1701754"]
[BlackFideId "1700090"]
[WhiteElo "2534"]
[BlackElo "2479"]

1. e4 e5 2. Nf3 Nc6 3. Nc3 Nf6 4. Be2 d5 5. exd5 Nxd5 6. O-O Nxc3 7. dxc3 Qxd1 8. Rxd1 Bd6 9. Be3 f5 10.
b4 b6 11. a4 f4 12. Bc1 Bb7 13. a5 O-O-O 14. a6 Ba8 15. Re1 e4 16. Ng5 Be5 17. Ra3 Rhe8 18. Nf7 Rd5 19. b5 Re7 20.
Bg4+ Kb8 21. bxc6 Bf6 22. c4 Rc5 23. Nd8 g5 24. h4 h6 25. hxg5 hxg5 26. Rh3 Rxc4 27. Rh6 Bc3 28. Rd1 e3 29.
Nb7 Re8 30. Re6 Rh8 31. Be2 exf2+ 32. Kxf2 Ra4 33. Rd7 Bxb7 34. cxb7 Bb4 35. Bd3 Rg8 36. Bb2 Bc5+ 37. Ke2 Bd6 38.
Be5 Bxe5 39. Rxe5 g4 40. Red5 1-0

[Event "Swedish Chess Championship 2021: Sverigemastarklassen"]
[Site "Scandic Helsingborg Nord, Florettgatan 41, Helsingborg, Sweden"]
[Date "2021.07.03"]
[Round "1.3"]
[White "Cramling, Pia"]
[Black "Storme, Isak"]
[Result "1/2-1/2"]
[TimeControl "90 minutes for 40 moves + 30 minutes for the rest of the game + 30 seconds per move from move one."]
[WhiteTitle "GM"]
[BlackTitle "FM"]
[WhiteFideId "1700030"]
[BlackFideId "1728113"]
[WhiteElo "2459"]
[BlackElo "2397"]

1. Nf3 Nf6 2. c4 c5 3. Nc3 d5 4. cxd5 Nxd5 5. e3 Nxc3 6. bxc3 g6 7. Bb5+ Bd7 8. a4 Bg7 9. O-O O-O 10.
Ba3 Qc7 11. d4 b6 12. Qe2 Nc6 13. dxc5 Ne5 14. Nxe5 Bxb5 15. axb5 Bxe5 16. f4 Bf6 17. c6 a6 18. bxa6 Qxc6 19.
Bb4 b5 20. a7 Qb6 21. Qf2 Rfc8 22. e4 Qxf2+ 23. Kxf2 Bxc3 24. Bxc3 Rxc3 25. Rfb1 Rc7 26. Rxb5 Raxa7 27. Rxa7 Rxa7 28.
h4 Ra2+ 29. Kf3 Ra3+ 30. Kf2 Ra2+ 31. Kf3 Ra3+ 32. Kf2 Ra2+ 33. Kf3 Ra3+ 34. Kf2 Ra2+ 35. Kf3 1/2-1/2

[Event "Swedish Chess Championship 2021: Sverigemastarklassen"]
[Site "Scandic Helsingborg Nord, Florettgatan 41, Helsingborg, Sweden"]
[Date "2021.07.03"]
[Round "1.4"]
[White "Smith, Axel"]
[Black "Hillarp Persson, Tiger"]
[Result "1/2-1/2"]
[TimeControl "90 minutes for 40 moves + 30 minutes for the rest of the game + 30 seconds per move from move one."]
[WhiteTitle "GM"]
[BlackTitle "GM"]
[WhiteFideId "1707930"]
[BlackFideId "1700812"]
[WhiteElo "2453"]
[BlackElo "2542"]

1. d4 Nf6 2. c4 g6 3. Nc3 Bg7 4.
e4 d6 5.
Be2 O-O 6. Be3 e5 7. d5 Na6 8. g4 Nc5 9. f3 a5 10. h4 h5 11. g5 Ne8 12. Qd2 Ra6 13. Nh3 c6 14. O-O-O a4 15.
Nf2 Qa5 16. Nb1 Qd8 17. Na3 Kh7 18. Kb1 Qa5 19. Qxa5 Rxa5 20. Rd2 f6 21. gxf6 Rxf6 22. Nc2 Bh6 23. Bxh6 Kxh6 24. Nb4 Bd7 25.
Nh3 Bxh3 26. Rxh3 cxd5 27. cxd5 Ra8 28. Nd3 b6 29. Nf2 Rf7 30. Rd1 Nf6 31. Rg1 Rg8 32. Rhg3 Nh7 33. Nh3 Rfg7 34.
Ng5 Nxg5 35. hxg5+ Kh7 36. Rc1 Ra7 37. Rc3 Rb8 38. Rg1 b5 39. Kc1 b4 40. Rc4 a3 41. b3 Rf7 42. Kd2 Kg7 43.
Ke3 Rb5 1/2-1/2

[Event "Swedish Chess Championship 2021: Sverigemastarklassen"]
[Site "Scandic Helsingborg Nord, Florettgatan 41, Helsingborg, Sweden"]
[Date "2021.07.03"]
[Round "1.5"]
[White "Seo, Jung Min"]
[Black "Lokander, Martin"]
[Result "1/2-1/2"]
[TimeControl "90 minutes for 40 moves + 30 minutes for the rest of the game + 30 seconds per move from move one."]
[WhiteTitle "IM"]
[BlackTitle "IM"]
[WhiteFideId "1734687"]
[BlackFideId "1709569"]
[WhiteElo "2453"]
[BlackElo "2437"]

1. e4 e5 2. Nf3 d6 3. d4 exd4 4. Nxd4 Nf6 5. Nc3 Be7 6. g3 d5 7. e5 Ng4 8. Bg2 Nxe5 9. Nxd5 Bg4 10.
Qd2 Bh3 11. Be4 Nbc6 12. Nxc6 Nxc6 13. Nf4 Bg4 14. O-O O-O 15. h3 Qxd2 16. Bxd2 Bd7 17. Rfe1 Bd6 18. Kg2 Rfe8 19. Bc3 Rab8 20.
Nd3 Re7 21. Bf3 Rbe8 22. Rxe7 Rxe7 23. h4 b6 24. Rd1 Re8 25. a3 Kf8 26. Rd2 h6 27. Rd1 Rd8 28. Kg1 Re8 29. Kg2 Rd8 30.
Kg1 Re8 31. Kg2 1/2-1/2

[Event "Swedish Chess Championship 2021: Sverigemastarklassen"]
[Site "Scandic Helsingborg Nord, Florettgatan 41, Helsingborg, Sweden"]
[Date "2021.07.04"]
[Round "2.1"]
[White "Blomqvist, Erik"]
[Black "Hector, Jonny"]
[Result "1/2-1/2"]
[TimeControl "90 minutes for 40 moves + 30 minutes for the rest of the game + 30 seconds per move from move one."]
[WhiteTitle "GM"]
[BlackTitle "GM"]
[WhiteFideId "1709437"]
[BlackFideId "1700090"]
[WhiteElo "2535"]
[BlackElo "2479"]

1. e4 e5 2. Nf3 Nc6 3. Bc4 Nf6 4. Ng5 d5 5. exd5 Na5 6. Bb5+ c6 7. dxc6 bxc6 8. Bd3 Ng4 9. Ne4 f5 10.
Be2 h5 11. h3 fxe4 12. hxg4 Bc5 13. Nc3 Qd4 14. O-O O-O 15. Qe1 hxg4 16. d3 exd3 17. Bxd3 Rxf2 18. Qxf2 Qxf2+ 19. Rxf2 g3 20.
Ne4 Bxf2+ 21. Nxf2 gxf2+ 22. Kxf2 Be6 23. b3 Rf8+ 24. Kg3 Bf5 25. Ba3 Rf6 26. Bxf5 Rxf5 27. Rd1 Nb7 28. Rd7 Rf7 29.
Be7 Kh7 30. Rxb7 e4 31. Rxa7 e3 32. Ra4 Rxe7 33. Rh4+ Kg6 34. Rh1 Rf7 35. Re1 Rf2 36. Rxe3 Rxc2 37. a4 Kf5 38. Kf3 c5 39.
g3 g6 40. g4+ Kg5 41. a5 Kf6 42. Re2 Rc3+ 43. Kf4 g5+ 44. Ke4 Rxb3 45. Ra2 Rb4+ 46. Ke3 Ke5 47. a6 Rb3+ 48. Kd2 Rh3 49.
Ra4 Rh8 50. a7 Ra8 51. Kd3 Kd5 52. Ra5 Ke5 53. Rxc5+ Kf4 54. Rc4+ Kg3 55. Ra4 Kf3 56. Kd2 Rd8+ 57. Ke1 Re8+ 58.
Kf1 Ra8 59. Kg1 Kg3 60. Kf1 Kf3 61. Ke1 Re8+ 62. Kd2 Rd8+ 63. Kc3 Ra8 64. Kd3 Kg3 65. Ke3 Kh3 66. Kf3 Rf8+ 67. Ke3 Ra8 68.
Ke4 Kxg4 69. Kd5+ Kf3 70. Kc6 g4 71. Kb7 Rxa7+ 72. Kxa7 g3 73. Ra3+ Kf2 74. Rxg3 Kxg3 1/2-1/2

[Event "Swedish Chess Championship 2021: Sverigemastarklassen"]
[Site "Scandic Helsingborg Nord, Florettgatan 41, Helsingborg, Sweden"]
[Date "2021.07.04"]
[Round "2.2"]
[White "Wiedenkeller, Michael"]
[Black "Cramling, Pia"]
[Result "0-1"]
[TimeControl "90 minutes for 40 moves + 30 minutes for the rest of the game + 30 seconds per move from move one."]
[WhiteTitle "IM"]
[BlackTitle "GM"]
[WhiteFideId "1700146"]
[BlackFideId "1700030"]
[WhiteElo "2445"]
[BlackElo "2459"]

1. d4 Nf6 2. c4 e6 3. Nc3 Bb4 4. Qc2 b6 5. e4 c5 6. d5 Qe7 7. Nge2 exd5 8. exd5 d6 9. Bd2 O-O 10.
f3 Nbd7 11. O-O-O a6 12. Ng3 Qd8 13. Nf5 Ne5 14. f4 Neg4 15. Re1 Bxf5 16. Qxf5 Re8 17. Qc2 Rxe1+ 18. Bxe1 b5 19. Bd2 Bxc3 20.
Bxc3 Ne3 21. Qf2 Nxf1 22. Rxf1 Ne4 23. Qc2 f5 24. b3 bxc4 25. bxc4 Rb8 26. Rf3 Qh4 27. h3 Re8 28. Ba5 Rb8 29.
Bc3 h6 30. Ba5 Rb7 31. Bc3 Nxc3 32. Qxc3 Re7 33. Kd1 Re4 34. Qa5 Kh7 35. Qc3 0-1

[Event "Swedish Chess Championship 2021: Sverigemastarklassen"]
[Site "Scandic Helsingborg Nord, Florettgatan 41, Helsingborg, Sweden"]
[Date "2021.07.04"]
[Round "2.3"]
[White "Hillarp Persson, Tiger"]
[Black "Westerberg, Jonathan"]
[Result "1-0"]
[TimeControl "90 minutes for 40 moves + 30 minutes for the rest of the game + 30 seconds per move from move one."]
[WhiteTitle "GM"]
[BlackTitle "GM"]
[WhiteFideId "1700812"]
[BlackFideId "1701754"]
[WhiteElo "2542"]
[BlackElo "2534"]

1. d4 e6 2. Nf3 d5 3. Bf4 Bd6 4. e3 Bxf4 5. exf4 Qd6 6. Qd2 Nf6 7. Nc3 Ne4 8. Nxe4 dxe4 9. Ne5 O-O 10.
O-O-O b6 11. h4 f6 12. Nc4 Qd5 13. Kb1 Ba6 14. Ne3 Qd6 15. f5 Bxf1 16. Rhxf1 Nd7 17. Qe2 exf5 18. Nxf5 Qf4 19.
Qb5 Rfd8 20. f3 c6 21. Qb3+ Kh8 22. fxe4 Qc7 23. e5 Nf8 24. exf6 gxf6 25. Nh6 Kg7 26. Ng4 Nd7 27. Qe3 Rg8 28.
Nxf6 Nxf6 29. Qg5+ Kh8 30. Qxf6+ Qg7 31. Qxc6 Qxg2 32. Qf6+ Qg7 33. a4 Rad8 34. c3 Rd7 35. Ka2 Qxf6 36.
Rxf6 Rg2 37. Rdf1 Kg7 38. R6f2 Rg4 39. Rf4 Rg2 40. R1f2 Rg1 41. Re2 Rg6 42. Kb3 Rgd6 43. Re5 Kh6 44.
a5 bxa5 45. Rxa5 Rb6+ 46. Kc2 Rdb7 47. b4 Rg6 48. Kb3 a6 49. Rff5 1-0

[Event "Swedish Chess Championship 2021: Sverigemastarklassen"]
[Site "Scandic Helsingborg Nord, Florettgatan 41, Helsingborg, Sweden"]
[Date "2021.07.04"]
[Round "2.4"]
[White "Storme, Isak"]
[Black "Seo, Jung Min"]
[Result "0-1"]
[TimeControl "90 minutes for 40 moves + 30 minutes for the rest of the game + 30 seconds per move from move one."]
[WhiteTitle "FM"]
[BlackTitle "IM"]
[WhiteFideId "1728113"]
[BlackFideId "1734687"]
[WhiteElo "2397"]
[BlackElo "2453"]

1. d4 d5 2. c4 c6 3. Nc3 Nf6 4. e3 a6 5. Nf3 Bf5 6. Qb3 Ra7 7. Be2 e6 8. O-O h6 9. Ne5 Bd6 10.
f4 O-O 11. Bd2 Nbd7 12. Bf3 Bh7 13. Kh1 Be7 14. Qd1 dxc4 15. Nxc4 c5 16. Qb3 Bd3 17. Rfe1 Bxc4 18. Qxc4 b5 19.
Qb3 cxd4 20. exd4 Nb6 21. a4 Nc4 22. Bc1 Na5 23. Qc2 b4 24. Ne4 Rd7 25. f5 Nxe4 26. fxe6 Rxd4 27. exf7+ Rxf7 28.
Bxe4 b3 29. Qe2 Bb4 30. Bf3 Bxe1 31. Be3 Re7 32. Rxe1 Nc4 33. Qf2 Nxe3 34. Rxe3 Rd1+ 0-1

[Event "Swedish Chess Championship 2021: Sverigemastarklassen"]
[Site "Scandic Helsingborg Nord, Florettgatan 41, Helsingborg, Sweden"]
[Date "2021.07.04"]
[Round "2.5"]
[White "Lokander, Martin"]
[Black "Smith, Axel"]
[Result "0-1"]
[TimeControl "90 minutes for 40 moves + 30 minutes for the rest of the game + 30 seconds per move from move one."]
[WhiteTitle "IM"]
[BlackTitle "GM"]
[WhiteFideId "1709569"]
[BlackFideId "1707930"]
[WhiteElo "2437"]
[BlackElo "2453"]

1. d4 f5 2. Bf4 Nf6 3. e3 d6 4. Nf3 g6 5. h3 Bg7 6. Bc4 e6 7. Bh2 Qe7 8. O-O O-O 9. a4 a5 10.
Nc3 Nc6 11. Bb3 Kh8 12. Qe2 e5 13. dxe5 dxe5 14. Nb5 Nh5 15. Rad1 f4 16. Rfe1 Rb8 17. exf4 Nxf4 18. Qe3 Qf6 19.
Nxc7 Qf5 20. c3 Nxg2 21. Kxg2 Qxh3+ 22. Kg1 Rxf3 23. Qg5 Bg4 24. Rd2 Rf5 25. Ne6 Bf6 26. Qe3 Bf3 0-1

[Event "Swedish Chess Championship 2021: Sverigemastarklassen"]
[Site "Scandic Helsingborg Nord, Florettgatan 41, Helsingborg, Sweden"]
[Date "2021.07.07"]
[Round "5.1"]
[White "Seo, Jung Min"]
[Black "Blomqvist, Erik"]
[Result "1/2-1/2"]
[TimeControl "90 minutes for 40 moves + 30 minutes for the rest of the game + 30 seconds per move from move one."]
[WhiteTitle "IM"]
[BlackTitle "GM"]
[WhiteFideId "1734687"]
[BlackFideId "1709437"]
[WhiteElo "2453"]
[BlackElo "2535"]

1. d4 Nf6 2. c4 e6 3. Nf3 b6 4. g3 c6 5. Bg2 Be7 6. b3 O-O 7. O-O d5 8. Bb2 Nbd7 9. Nc3 Bb7 10.
Re1 Rc8 11. Rc1 Re8 12. Qd3 h6 13. Qb1 Bb4 14. Red1 Qe7 15. Nd2 c5 16. dxc5 bxc5 17. Nf1 Bxc3 18. Bxc3 Bc6 19. cxd5 Nxd5 20.
Bb2 a5 21. Qa1 f6 22. a4 Rb8 23. Nd2 Nb4 24. Nc4 Bxg2 25. Kxg2 Nc6 26. Qa3 e5 27. Bc3 Nf8 28. Nd6 Red8 29.
Qxc5 Nd4 30. Bxd4 Qxd6 31. Qxd6 Rxd6 32. Be3 Rxd1 33. Rxd1 Rxb3 34. Rd5 Ne6 35. Rxa5 Ra3 36. g4 Nd4 37.
Bxd4 exd4 38. h4 h5 39. Rxh5 Rxa4 40. f3 d3 41. exd3 Rd4 42. Rc5 Rxd3 43. Kg3 Kh7 44. Rc7 Kh6 45.
Re7 Ra3 46. Re6 Ra4 47. g5+ Kg6 48. Rc6 Ra1 49. Kg4 Rg1+ 50. Kh3 Rh1+ 51. Kg3 Rg1+ 52. Kh2 Ra1 53. Kg2 Ra4 54. Kg3 Ra1 55.
Rc5 fxg5 56. hxg5 Rg1+ 57. Kf4 Kh5 58. Re5 Rg2 59. Rf5 Rg1 60. Ra5 Rg2 61. Rb5 Rg1 62. Rd5 Rg2 63. Rc5 Rg1 64.
Rd5 Rg2 65. Ra5 Rg1 66. Rb5 Rg2 67. Rf5 Rg1 68. Re5 Rg2 69. Ra5 Rg1 70. Rb5 Rg2 71. Rc5 Rg1 72. Rd5 Rg2 73. Rb5 Rg1 74.
Ra5 Rg2 75. Rf5 Rg1 76. Rc5 Rg2 77. Rd5 Rg1 78. Rb5 Rg2 79. Re5 Rg1 80. Ke4 Re1+ 81. Kf4 Rxe5 82. Kxe5 Kxg5 83. f4 Kg4 84.
f5 Kg5 85. Ke6 Kf4 86. f6 gxf6 87. Kxf6 Ke5+ 1/2-1/2

[Event "Swedish Chess Championship 2021: Sverigemastarklassen"]
[Site "Scandic Helsingborg Nord, Florettgatan 41, Helsingborg, Sweden"]
[Date "2021.07.07"]
[Round "5.2"]
[White "Hillarp Persson, Tiger"]
[Black "Lokander, Martin"]
[Result "1-0"]
[TimeControl "90 minutes for 40 moves + 30 minutes for the rest of the game + 30 seconds per move from move one."]
[WhiteTitle "GM"]
[BlackTitle "IM"]
[WhiteFideId "1700812"]
[BlackFideId "1709569"]
[WhiteElo "2542"]
[BlackElo "2437"]

1. c4 c6 2. Nf3 d5 3. e3 g6 4. d4 Bg7 5. Nc3 Nf6 6. Be2 O-O 7. O-O dxc4 8. Bxc4 Bg4 9. Qb3 Bxf3 10.
gxf3 Qc8 11. Rd1 Nbd7 12. f4 Ne8 13. Bf1 Ndf6 14. Bg2 Nd6 15. e4 Nh5 16. h3 Kh8 17. Ne2 Qe6 18. Rd3 Rad8 19.
Be3 Qxb3 20. Rxb3 Rd7 21. Rc1 e6 22. a4 f5 23. e5 Nc8 24. Bf3 Bh6 25. Bxh5 gxh5 26. d5 exd5 27. Bd4 Re7 28.
Kh1 Rg8 29. Ng3 Re6 30. Rxb7 Bxf4 31. Rxc6 Rxc6 32. e6+ Rg7 33. Rxg7 1-0

[Event "Swedish Chess Championship 2021: Sverigemastarklassen"]
[Site "Scandic Helsingborg Nord, Florettgatan 41, Helsingborg, Sweden"]
[Date "2021.07.07"]
[Round "5.3"]
[White "Smith, Axel"]
[Black "Cramling, Pia"]
[Result "1/2-1/2"]
[TimeControl "90 minutes for 40 moves + 30 minutes for the rest of the game + 30 seconds per move from move one."]
[WhiteTitle "GM"]
[BlackTitle "GM"]
[WhiteFideId "1707930"]
[BlackFideId "1700030"]
[WhiteElo "2453"]
[BlackElo "2459"]

1. d4 Nf6 2. c4 e6 3. Nc3 Bb4 4. f3 c5 5. d5 d6 6. e4 O-O 7. Nge2 exd5 8. cxd5 a6 9. Ng3 Nbd7 10.
Be2 b5 11. O-O Ba5 12. Kh1 c4 13. Nf5 Nc5 14. Nd4 Bd7 15. Bg5 Rc8 16. Rc1 h6 17. Bh4 Qe7 18. b3 Rc7 19. bxc4 bxc4 20.
Bxc4 Rfc8 21. Nc6 Bxc6 22. dxc6 Bxc3 23. Rxc3 Rxc6 24. Bd5 R6c7 25. Qd4 g5 26. Be1 Nxd5 27. Qxd5 Qe5 28. Qd2 Qe6 29.
Qc2 Qd7 30. Kg1 Ne6 31. Rxc7 Rxc7 32. Qd1 Rc4 33. Bg3 Rd4 34. Qb3 Qc6 35. Rd1 Qc5 36. Bf2 Rxd1+ 37. Qxd1 Qc4 38. Qd2 Nf4 39.
g3 Nh3+ 40. Kg2 Nxf2 41. Kxf2 Qc5+ 42. Kg2 Kg7 43. h4 gxh4 44. gxh4 a5 45. a4 Qe5 46. Qd3 Qb2+ 47. Kh3 Qb4 48.
Qb5 Qd2 49. Qd7 Qb4 50. Kg4 Qd4 51. Kh3 Qb4 52. Qg4+ Kh7 53. Qf5+ Kg7 54. Qg4+ Kh7 55. Qf5+ Kg7 56. e5 dxe5 57.
Qxe5+ Kg8 58. Qe4 Kg7 59. Qe5+ Kg8 60. Qe8+ Kg7 61. Qe5+ Kg8 62. Qe4 Kg7 63. Qg4+ Kh7 64. Qf5+ Kg7 65.
Qg4+ Kh7 66. Qxb4 axb4 67. a5 b3 68. a6 b2 69. a7 b1=Q 70. a8=Q Qh1+ 71. Kg3 Qg1+ 72. Kh3 Qh1+ 73. Kg3 Qg1+ 74.
Kh3 1/2-1/2

[Event "Swedish Chess Championship 2021: Sverigemastarklassen"]
[Site "Scandic Helsingborg Nord, Florettgatan 41, Helsingborg, Sweden"]
[Date "2021.07.07"]
[Round "5.4"]
[White "Hector, Jonny"]
[Black "Storme, Isak"]
[Result "0-1"]
[TimeControl "90 minutes for 40 moves + 30 minutes for the rest of the game + 30 seconds per move from move one."]
[WhiteTitle "GM"]
[BlackTitle "FM"]
[WhiteFideId "1700090"]
[BlackFideId "1728113"]
[WhiteElo "2479"]
[BlackElo "2397"]

1. e4 c5 2. Nf3 d6 3. d4 cxd4 4. Nxd4 Nf6 5. Nc3 a6 6. Bg5 e6 7. f4 Be7 8. Qf3 Qc7 9. O-O-O Nbd7 10.
g4 h6 11. Bxf6 Bxf6 12. h4 Nb6 13. g5 Bxd4 14. Rxd4 Qc5 15. Rd3 Bd7 16. Bh3 Bb5 17. Nxb5 axb5 18. g6 Rxa2 19. Kb1 Ra7 20.
gxf7+ Ke7 21. c3 Qc4 22. Kc2 Qa4+ 23. Kd2 Nc4+ 24. Ke1 Qc2 25. Rd1 Qxb2 26. e5 d5 27. f5 exf5 28. Rg1 Qc2 29.
Bxf5 Nxe5 30. Qxd5 Qxf5 31. Rf1 Nd3+ 32. Rxd3 Ra1+ 33. Kd2 Qxd5 0-1

[Event "Swedish Chess Championship 2021: Sverigemastarklassen"]
[Site "Scandic Helsingborg Nord, Florettgatan 41, Helsingborg, Sweden"]
[Date "2021.07.07"]
[Round "5.5"]
[White "Westerberg, Jonathan"]
[Black "Wiedenkeller, Michael"]
[Result "1-0"]
[TimeControl "90 minutes for 40 moves + 30 minutes for the rest of the game + 30 seconds per move from move one."]
[WhiteTitle "GM"]
[BlackTitle "IM"]
[WhiteFideId "1701754"]
[BlackFideId "1700146"]
[WhiteElo "2534"]
[BlackElo "2445"]

1. c4 e5 2. g3 Nf6 3. Bg2 c6 4. Nf3 e4 5. Nd4 Qb6 6. Nc2 d5 7. cxd5 cxd5 8. O-O Be7 9. Nc3 O-O 10.
d3 Nc6 11. dxe4 dxe4 12. Nd5 Nxd5 13. Qxd5 Be6 14. Qxe4 Rad8 15. Qa4 Nd4 16. Nxd4 Rxd4 17. Qc2 Rc8 18. Qb1 Qb5 19. e3 Rb4 20. b3 Bf6 21. Ba3 Bf5 22.
e4 Bxa1 23. Bxb4 Qxb4 24. Qxa1 Bxe4 25. a3 Qe7 26. Re1 f5 27. b4 Qe6 28. Bxe4 fxe4 29. Qd4 Re8 30. Qxa7 b6 31. Qa4 h5 32.
h4 Rc8 33. Qb5 Rc3 34. Rd1 Rc8 35. Qd5 Qxd5 36. Rxd5 Rc3 37. Rxh5 e3 38. fxe3 Rxe3 39. Kf2 Rxa3 40. Rb5 Ra6 41.
Kf3 Kf7 42. Kg4 Kg6 43. h5+ Kh6 44. Rd5 b5 45. Rxb5 Rd6 46. Rb8 g6 47. hxg6 Kxg6 48. Kf4 Kf7 49. Rb7+ Ke6 50. g4 Rd4+ 51.
Kg5 Rc4 52. Kh5 Kf6 53. g5+ Kf5 54. b5 Rb4 55. b6 Rb1 56. Rf7+ Ke6 57. Kg6 Rb5 58. b7 Kd5 1-0

[Event "Swedish Chess Championship 2021: Sverigemastarklassen"]
[Site "Scandic Helsingborg Nord, Florettgatan 41, Helsingborg, Sweden"]
[Date "2021.07.08"]
[Round "6.1"]
[White "Cramling, Pia"]
[Black "Westerberg, Jonathan"]
[Result "1/2-1/2"]
[TimeControl "90 minutes for 40 moves + 30 minutes for the rest of the game + 30 seconds per move from move one."]
[WhiteTitle "GM"]
[BlackTitle "GM"]
[WhiteFideId "1700030"]
[BlackFideId "1701754"]
[WhiteElo "2459"]
[BlackElo "2534"]

1. d4 d5 2. Nf3 Nf6 3. c4 dxc4 4. e3 Bg4 5. Bxc4 e6 6. h3 Bh5 7. O-O a6 8. b3 Nc6 9. Bb2 Bd6 10.
Be2 O-O 11. Nbd2 Nd5 12. Rc1 f5 13. a3 Qf6 14. Nc4 Qh6 15. Rc2 Rad8 16. Ne1 Bxe2 17. Rxe2 Be7 18. Nd3 b5 19. Nce5 Nxe5 20.
Nxe5 Bd6 21. Nd3 f4 22. exf4 Nxf4 23. Re3 Nd5 24. Re4 Qg6 25. Qe2 Rde8 26. Re1 Rf6 27. a4 Qf5 28. axb5 axb5 29.
Ra1 b4 30. Qg4 Rff8 31. Qxf5 exf5 32. Rxe8 Rxe8 33. Kf1 Nc3 34. Bxc3 bxc3 35. Rc1 Re4 36. Rxc3 Rxd4 37. Ke2 Kf7 38.
Nc5 Rb4 39. Nd3 Rb8 40. Nc5 Rb5 41. Nd3 Ra5 42. Ke3 Ra2 43. Nc1 Ra1 44. Nd3 g5 45. f4 h6 46. fxg5 hxg5 47. Rc2 Kf6 48.
Kd4 g4 49. hxg4 fxg4 50. Nc5 Rd1+ 51. Ke3 Kf5 52. Rf2+ Kg6 53. Ne4 Be5 54. Ra2 Rd5 55. Nd2 Kf5 56. Ra4 Rb5 57. Rc4 Ra5 58.
Re4 Ra1 59. Rc4 Ra2 60. Rc5 Ke6 61. Rc4 g3 62. Re4 Kf5 63. Rc4 Bd6 64. Rh4 Rb2 65. Rh5+ Kg4 66. Rd5 Bf4+ 67. Ke2 Ra2 68.
Rd8 Bd6 69. Rg8+ Kf4 70. Kd3 Bb4 71. Ne4 Rxg2 72. Rg7 Rg1 73. Rf7+ Ke5 74. Rg7 Rd1+ 75. Kc2 Rd4 76. Nxg3 Rd2+ 77.
Kb1 c5 78. Re7+ Kd6 79. Nf5+ Kc6 80. Re3 Kb5 81. Ng3 Ba3 82. Ne2 Kb4 83. Nc3 Rb2+ 84. Ka1 Rh2 85. Nd5+ Ka5 86. Re4 Bb2+ 87.
Kb1 Bd4 88. b4+ Ka4 89. bxc5 Kb3 90. Kc1 Kc4 91. Nf4 Kxc5 92. Ne6+ Kd5 93. Rxd4+ Kxe6 1/2-1/2

[Event "Swedish Chess Championship 2021: Sverigemastarklassen"]
[Site "Scandic Helsingborg Nord, Florettgatan 41, Helsingborg, Sweden"]
[Date "2021.07.08"]
[Round "6.2"]
[White "Blomqvist, Erik"]
[Black "Lokander, Martin"]
[Result "0-1"]
[TimeControl "90 minutes for 40 moves + 30 minutes for the rest of the game + 30 seconds per move from move one."]
[WhiteTitle "GM"]
[BlackTitle "IM"]
[WhiteFideId "1709437"]
[BlackFideId "1709569"]
[WhiteElo "2535"]
[BlackElo "2437"]

1. Nf3 d5 2. g3 Nc6 3. d4 Bf5 4. Bg2 Nb4 5. Na3 e6 6. O-O Nc6 7. c4 Bxa3 8. bxa3 Be4 9. cxd5 exd5 10.
a4 Nge7 11. e3 O-O 12. Ba3 Re8 13. Nd2 Bxg2 14. Kxg2 Na5 15. Rb1 Nc8 16. Qf3 c6 17. e4 dxe4 18. Nxe4 Nc4 19. Rxb7 Qd5 20.
Re1 N8b6 21. Bb4 a5 22. Be7 Rab8 23. Ra7 Nc8 24. Bf6 Nxa7 25. Qg4 g6 26. Qf4 Nd6 27. f3 Nxe4 28. Rxe4 Qf5 29.
Qd6 h5 30. g4 hxg4 31. Rxg4 Rb2+ 32. Kg3 Qe6 33. Qe5 Qxg4+ 0-1

[Event "Swedish Chess Championship 2021: Sverigemastarklassen"]
[Site "Scandic Helsingborg Nord, Florettgatan 41, Helsingborg, Sweden"]
[Date "2021.07.08"]
[Round "6.3"]
[White "Seo, Jung Min"]
[Black "Smith, Axel"]
[Result "1-0"]
[TimeControl "90 minutes for 40 moves + 30 minutes for the rest of the game + 30 seconds per move from move one."]
[WhiteTitle "IM"]
[BlackTitle "GM"]
[WhiteFideId "1734687"]
[BlackFideId "1707930"]
[WhiteElo "2453"]
[BlackElo "2453"]

1. d4 d5 2. c4 c6 3. Nf3 Nf6 4. e3 Bg4 5. h3 Bh5 6. g4 Bg6 7. Ne5 e6 8. Nc3 Nbd7 9. Nxg6 hxg6 10.
g5 Ng8 11. f4 Ne7 12. Bd2 Nf5 13. Qf3 Bb4 14. Bd3 Qe7 15. a3 Bxc3 16. Bxc3 dxc4 17. Bxc4 Nb6 18. Bb4 Qc7 19. Ba2 O-O-O 20. O-O-O Nd5 21. Bd2 Qb6 22. Kb1 Kb8 23. Rc1 Rd7 24. Ka1 Qd8 25. Rh2 Rh7 26. Qf2 Nde7 27. h4 Ka8 28. Bb1 Qb6 29.
Bb4 Qd8 30. Rch1 Rh5 31. Be4 Nd5 32. Bd2 Nb6 33. Bf3 Rh8 34. h5 gxh5 35. Rxh5 Rxh5 36. Rxh5 Nc4 37. Bc1 Re7 38. Rh1 g6 39.
e4 Nfd6 40. Rd1 Rd7 41. Qc2 Nb6 42. a4 Ne8 43. Be3 Nc7 44. Be2 Nc8 45. Rh1 Kb8 46. Qc3 Re7 47. Qc5 Qd6 48. Rh8 Re8 49.
Rh7 Qxc5 50. dxc5 Re7 51. Bd4 f5 52. Rh6 fxe4 53. Rxg6 b6 54. Rg8 bxc5 55. Bxc5 Re8 56. Rxe8 Nxe8 57.
Bc4 Ng7 58. Bf8 Nh5 59. g6 e3 60. g7 Nf6 61. Bxe6 e2 62. Bb4 Ne7 63. Bc4 Nf5 64. Bxe2 Nxg7 65. Bc3 Nge8 66. Ka2 Kc7 67.
b4 Nd5 68. Be5+ Kd7 69. Bg4+ Ke7 70. Kb3 Nef6 71. Bf3 Nd7 72. Bxd5 cxd5 73. b5 Kd8 74. Bd4 a6 75. bxa6 Kc7 76. Kb4 Kc6 77. f5 Nb8 78. a7 Na6+ 79. Ka5 Nc7 80. Be5 Na8 81. f6 Nb6 82. f7 Nc4+ 83.
Kb4 Nxe5 1-0